 Dungeon Crawl Stone Soup version 0.31-a0-819-gf6de2f5ab6 (webtiles) character file.

Game seed: 6219432709706277843

114 qw the Shooter (level 4, -3/28 HPs)
             Began as a Gargoyle Hunter on Sept 23, 2023.
             Killed by divine providence
             ... invoked by an orc priest
              (15 damage)
             ... on level 3 of the Dungeon.
             The game lasted 00:00:40 (1765 turns).

qw the Shooter (Gargoyle Hunter)                    Turns: 1765, Time: 00:00:41

Health: -3/28      AC: 13    Str: 15    XL:     4   Next: 97%
Magic:  4/4        EV: 11    Int:  9    God:
Gold:   91         SH:  0    Dex: 15    Spells: 3/3 levels left

rFire   . . .        Y - +0 shortbow
rCold   . . .        (shield currently unavailable)
rNeg    + . .        b - +0 ring mail
rPois   inf          (no helmet)
rElec   +            k - +2 cloak
rCorr   .            e - +0 pair of gloves
SInv    .            (no boots)
Will    .....        (no amulet)
Stlth   +            (no ring)
HPRegen 0.24/turn    (no ring)
MPRegen 0.09/turn

%: no passive effects
@: no status effects
A: sickness immunity, AC +3, negative energy resistance 1, electricity
resistance, torment resistance 1, petrification resistance
a: no special abilities


You were on level 3 of the Dungeon.
You visited 1 branch of the dungeon, and saw 3 of its levels.

You collected 156 gold pieces.
You spent 65 gold pieces at shops.


Innate Abilities, Weirdness & Mutations

You are immune to sickness and miasma.
Your stone body is resilient. (AC +3)
You are immune to poison.
You resist negative energy. (rN+)
You are resistant to electric shocks. (rElec)
You are resistant to unholy torment.
You are immune to petrification.


   Skills:
 - Level 3.1 Fighting
 + Level 5.5 Ranged Weapons
 - Level 1.3 Armour
 - Level 1.5 Dodging
 - Level 1.1 Stealth


You had 3 spell levels left.
You didn't know any spells.
Your spell library was empty.

Inventory:

Hand Weapons
 Y - a +0 shortbow (weapon)
Armour
 b - a +0 ring mail (worn)
 e - a +0 pair of gloves (worn)
 k - a +2 cloak (worn)
Scrolls
 a - 2 scrolls of identify
 c - a scroll of enchant armour {unknown}
Potions
 d - 2 potions of curing
 f - 3 potions of resistance
 h - a potion of heal wounds
 j - a potion of might

Dungeon Overview and Level Annotations

Branches:
Dungeon (3/15)

Altars:

Shops:
D:1 ![[?*

Annotations:
D:2 1 runed translucent door, Crazy Yiuf


Message History

The goblin shouts!
You hear a shout!
You shoot an arrow. The arrow hits the goblin!
You kill the goblin!
You now have enough gold to buy 2 potions of curing on D:1, buy a scroll of enchant armour on D:1, or buy a ring mail on D:1.
You can access your shopping list by pressing '$'.
You now have 87 gold pieces (gained 10).
Found 9 stones.
You now have 91 gold pieces (gained 4).
A hobgoblin comes into view.
The hobgoblin shouts!
You shoot an arrow. The arrow hits the hobgoblin.
The hobgoblin is severely wounded.
You shoot an arrow. The arrow hits the hobgoblin!
You kill the hobgoblin!
You see here a hobgoblin corpse.
c - a scroll labelled FOASAOF QAMI An orc priest and an orc come into view.
The orc priest shouts!
You shoot an arrow.
The arrow closely misses the orc priest.
The orc shouts!
The arrow hits the orc!
You kill the orc!
An orc comes into view. It is wielding a +0 hand axe.
You shoot an arrow. The orc shouts!
The arrow hits the orc priest.
The orc priest is lightly wounded.
The orc priest invokes the aid of Beogh against you.
Beogh smites you!
Ouch! That really hurt!
You shoot an arrow. The arrow barely misses the orc priest.
The arrow hits the orc.
The orc is lightly wounded.
You shoot an arrow. The arrow hits the orc priest.
The orc priest is lightly wounded.
The orc priest calls down the wrath of Beogh upon you.
Beogh smites you!
Ouch! That really hurt!
You die...

#......#.##.#..(.
##......#..%......
#............#.#..
#.#####.######.#..
#.#...#........###
#.# #.####....####
#.# #.>...........
#.# #.........####
#@# #......)..####
#.# #............+
#.# ##....#####.#.
#o# #....### ...
#o# #......# #..#
#.# ######.##..##
#.# #....# #).
#...## ###.#


You could see an orc priest and an orc.

Vanquished Creatures
  3 gnolls (D:2)
  2 adders
  A worm (D:2)
  3 dart slugs (D:3)
  2 orcs (D:3)
  5 ball pythons
  A bat (D:1)
  2 endoplasms (D:1)
  3 giant cockroaches
  9 goblins
  10 hobgoblins
  A quokka (D:1)
  4 frilled lizards
  5 kobolds
  3 rats
54 creatures vanquished.

Notes
Turn   | Place    | Note
-------+----------+-------------------------------------------
     0 | D:1      | qw the Gargoyle Hunter began the quest for the Orb.
     0 | D:1      | Reached XP level 1. HP: 12/12 MP: 1/1
     0 | D:1      | 0 ||| qw: Version: 0.3-a-83-gcd0e7d8
     0 | D:1      | 0 ||| qw: Game counter: 1747
     0 | D:1      | 0 ||| qw: Melee chars always use a shield: true
     0 | D:1      | 0 ||| qw: God list: Okawaru
     0 | D:1      | 0 ||| qw: Allow faded altars: false
     0 | D:1      | 0 ||| qw: Do Orc after clearing Dungeon:15 true
     0 | D:1      | 0 ||| qw: Do second Lair branch before Depths: true
     0 | D:1      | 0 ||| qw: Lair rune preference: random
     0 | D:1      | 0 ||| qw: Goals: Normal
     0 | D:1      | 0 ||| PLANNING D:1-11
   135 | D:1      | Found Epihytu's Antique Armour Shoppe.
   143 | D:1      | 143 ||| SHOPLISTING embroidered robe (77 gold, have 0).
   143 | D:1      | 143 ||| SHOPLISTING pair of gloves (94 gold, have 0).
   143 | D:1      | 143 ||| SHOPLISTING ring mail (84 gold, have 0).
   175 | D:1      | Reached XP level 2. HP: 14/17 MP: 2/2
   280 | D:1      | Found Jypor's Distillery.
   287 | D:1      | 287 ||| SHOPLISTING 2 potions of curing (78 gold, have 72).
   287 | D:1      | 287 ||| BUYING potion of heal wounds (65 gold).
   287 | D:1      | Bought a potion of heal wounds for 65 gold pieces
   287 | D:1      | 287 ||| SHOPLISTING potion of might (52 gold, have 7).
   287 | D:1      | 287 ||| SHOPLISTING potion of mutation (104 gold, have 7).
   287 | D:1      | 287 ||| SHOPLISTING potion of resistance (130 gold, have
                  | 7).
   377 | D:1      | Found Vetuqaage's Armour Boutique.
   383 | D:1      | Found Ikaptio's Magic Scroll Shoppe.
   386 | D:1      | 386 ||| SHOPLISTING +0 pair of boots (54 gold, have 7).
   386 | D:1      | 386 ||| SHOPLISTING +0 ring mail (48 gold, have 7).
   386 | D:1      | 386 ||| SHOPLISTING +2 cloak "Anuuturgh" {Rampage} (258
                  | gold, have 7).
   386 | D:1      | 386 ||| SHOPLISTING +2 robe (152 gold, have 7).
   386 | D:1      | 386 ||| SHOPLISTING +2 robe of willpower (212 gold, have
                  | 7).
   392 | D:1      | 392 ||| SHOPLISTING scroll of acquirement (572 gold, have
                  | 7).
   392 | D:1      | 392 ||| SHOPLISTING scroll of enchant armour (82 gold, have
                  | 7).
   392 | D:1      | 392 ||| SHOPLISTING scroll of identify (22 gold, have 7).
   392 | D:1      | 392 ||| SHOPLISTING scroll of teleportation (33 gold, have
                  | 7).
   406 | D:1      | Found Icuox's General Store.
   414 | D:1      | 414 ||| SHOPLISTING potion of curing (39 gold, have 7).
   414 | D:1      | 414 ||| SHOPLISTING scroll of identify (26 gold, have 7).
   414 | D:1      | 414 ||| SHOPLISTING scroll of teleportation (39 gold, have
                  | 7).
   580 | D:1      | Reached XP level 3. HP: 21/21 MP: 3/3
   737 | D:1      | 737 ||| UPGRADING to +0 pair of gloves.
   742 | D:1      | 742 ||| UPGRADING to +2 cloak.
   747 | D:1      | 747 ||| READING 4 scrolls labelled CEAGUKLIOXT.
   748 | D:1      | 748 ||| READING scroll labelled CIOQYD EHOURR.
   749 | D:1      | 749 ||| READING 3 scrolls of identify.
   749 | D:1      | 749 ||| IDENTIFYING fuming inky potion
   750 | D:1      | 750 ||| READING 2 scrolls of identify.
   750 | D:1      | 750 ||| IDENTIFYING blue potion
   751 | D:1      | 751 ||| DROPPING scroll of butterflies.
   752 | D:1      | 752 ||| DROPPING potion of degeneration.
   806 | D:2      | 806 ||| STAIRDANCE
   811 | D:1      | Reached skill level 5 in Ranged Weapons
  1045 | D:2      | Found a faded altar of an unknown god.
  1120 | D:2      | 1120 ||| Stepping ~*~*~tactically~*~*~ (retreating).
  1122 | D:2      | Reached skill level 3 in Fighting
  1122 | D:2      | Reached XP level 4. HP: 28/28 MP: 4/4
  1132 | D:2      | Reached skill level 1 in Armour
  1214 | D:2      | 1214 ||| FLEEEEING.
  1336 | D:2      | Found a runed translucent door.
  1337 | D:2      | Noticed Crazy Yiuf
  1479 | D:2      | 1479 ||| UPGRADING to +0 ring mail.
  1489 | D:2      | 1489 ||| DROPPING +0 leather armour.
  1490 | D:2      | 1490 ||| READING 4 scrolls of identify.
  1490 | D:2      | 1490 ||| IDENTIFYING glowing blue potion
  1491 | D:2      | 1491 ||| READING 3 scrolls of identify.
  1491 | D:2      | 1491 ||| IDENTIFYING coppery potion
  1765 | D:3      | Killed from afar by an orc priest

Levels and vault maps discovered:
D:1:      dpeg_arrival_simpleton_a, layout_loops_ring, serial_shops, shop, shop,
          shop, shop, shop, minmay_hexomino_c4
D:2:      layout_rooms, serial_aquarium, aquarium_bridge_straight
          [aquarium_subvault_bridge, aquarium_subvault_balcony,
          aquarium_subvault_bridge, aquarium_subvault_wall],
          aquarium_window_fake, aquarium_window_2, aquarium_window_3,
          aquarium_view_2a, aquarium_balcony_3a, aquarium_pool_corner,
          ebering_ecumenical_altar_sacrificial, nicolae_elevator_lobby_asterisk,
          uniq_crazy_yiuf_cottage
D:3:      layout_basic, ashenzari_conservatory_becter,
          nemelex_spade_bored_becter, mainiacjoe_overflow_alcove_1

Skill      XL: |  1  2  3  4 |
---------------+-------------+-----
Ranged Weapons | 5 |  5.5
Fighting       | 3 |  3.1
Armour         | 1 |  1.3
Dodging        | |  1.5
Stealth        | |  1.1

Action                     |  1- 3 |  4- 6 || total
---------------------------+-------+-------++-------
   Fire: Shortbow          |   100 |    57 ||   157
    Use: Scroll            |     4 |     2 ||     6
 Armour: Leather armour    |    38 |    10 ||    48
         Ring mail         |       |    41 ||    41
  Dodge: Dodged            |    26 |    37 ||    63

Table legend:
 A = Non-vault XP
 B = Vault XP
 C = Vault XP percentage of total XP
 D = Non-vault monster count
 E = Vault monster count
 F = Vault count percentage of total count
                 A         B        C        D         E       F
            +---------+---------+-------+---------+---------+-------
      Total |     154 |       9 |   5.5 |      49 |       5 |   9.3
            +---------+---------+-------+---------+---------+-------
        D:1 |      42 |       9 |  17.6 |      19 |       5 |  20.8
        D:2 |      84 |       0 |   0.0 |      18 |       0 |   0.0
        D:3 |      28 |       0 |   0.0 |      12 |       0 |   0.0
            +---------+---------+-------+---------+---------+-------
